 Dungeon Crawl Stone Soup version 0.29-a0-1047-g7c58e119a4 (webtiles) character file.

Game seed: 6617601309963078323

17 ytrimaz the Insei (level 2, 21/21 HPs)
             Began as a Demonspawn Transmuter on Aug 16, 2022.
             Quit the game on level 2 of the Dungeon.
             The game lasted 00:00:34 (467 turns).

ytrimaz the Insei (Demonspawn Transmuter)            Turns: 467, Time: 00:00:35

Health: 21/21      AC:  2    Str: 10    XL:     2   Next: 44%
Magic:  5/5        EV: 12    Int: 14    God:
Gold:   30         SH:  0    Dex: 13    Spells: 4/5 levels left

rFire   . . .      SeeInvis .     - Unarmed
rCold   . . .      Faith    .   (no shield)
rNeg    . . .      Spirit   .   a - +0 robe
rPois   .          Reflect  .   (no helmet)
rElec   .          Harm     .   (no cloak)
rCorr   .          Rampage  .   (no gloves)
Will    .....                   (no boots)
Stlth   +.........              (no amulet)
HPRegen 0.07/turn               (no ring)
MPRegen 0.09/turn               (no ring)

@: no status effects
A: spiny 1
a: no special abilities


You were on level 2 of the Dungeon.
You visited 1 branch of the dungeon, and saw 2 of its levels.

You collected 30 gold pieces.

Inventory:

Armour
 a - a +0 robe (worn)
Scrolls
 d - a scroll of magic mapping {unknown}
 f - a scroll of identify {unknown}
Potions
 b - a potion of lignification
 c - a potion of attraction {unknown}
 e - a potion of curing {unknown}


   Skills:
 - Level 1.0 Fighting
 + Level 2.0 Dodging
 + Level 3.3 Unarmed Combat
 - Level 2.0 Spellcasting
 - Level 1.7 Transmutations


You had 4 spell levels left.
You knew the following spells:

 Your Spells              Type           Power      Damage    Failure   Level
a - Beastly Appendage     Tmut           12%        N/A       12%         1

Your spell library contained the following spells:

 Spells                   Type           Power      Damage    Failure   Level
 Wereblood                Tmut           6%         N/A       17%         2
 Spider Form              Tmut/Pois      3%         N/A       45%         3
 Ice Form                 Ice/Tmut       3%         N/A       86%         4


Dungeon Overview and Level Annotations

Branches:
Dungeon (2/15)

Altars:


Innate Abilities, Weirdness & Mutations

You are partially covered in sharp spines.


Message History

You see here a +0 leather armour.
You now have 30 gold pieces (gained 5).
A hobgoblin comes into view.
Found a golden potion.
A hobgoblin is nearby!
A hobgoblin is nearby!
The hobgoblin shouts!
An adder comes into view.
You grow a pair of large bovine horns.
Your feet morph into talons.
The adder hisses angrily.
Unknown command.
The adder barely misses you.
You barely miss the adder. Your kick misses the adder.
Your transformation is almost over.
The adder barely misses you.
You miss the adder. Your kick misses the adder. The adder misses you.
You hit the adder.
The adder is heavily wounded.
The adder bites you but does no damage.
The hobgoblin hits you but does no damage.
The adder closely misses you.
You hit the adder. Your kick misses the adder.
The adder is almost dead.
The hobgoblin barely misses you. The adder bites you.
Unknown command.
You hit the adder.
You kill the adder!
The hobgoblin hits you.
Your Dodging skill increases to level 2!
You have reached level 2!
Your demonic ancestry asserts itself...
Sharp spines emerge from parts of your body.
You hit the hobgoblin. You claw the hobgoblin.
You kill the hobgoblin!
You see here a hobgoblin corpse.
Your horns disappear.
Your talons disappear.
Magic restored.
HP restored.
Found a stone staircase leading up.
Are you sure you want to abandon this character and quit the game? (Confirm with "yes".)

########## #...##...####
#......#....###############
.###.#...##.##....†.......#
## ##...###.##...†........#
# #...........##.....#..#
## ##.[.....##....#....# #
.###.##.#######....#..#...
#...###.# #.@..###....
##### #.# #....## ....# #.#
#..!#.. ....# #.# #..#...^#
.. #.# ...#.....# #.# ....
....... ..... ...####
+....< ...


There were no monsters in sight!

Vanquished Creatures
  An adder (D:2)
  2 ball pythons (D:1)
  2 bats (D:1)
  A goblin (D:1)
  A hobgoblin (D:2)
7 creatures vanquished.

Notes
Turn   | Place    | Note
-------+----------+-------------------------------------------
     0 | D:1      | ytrimaz the Demonspawn Transmuter began the quest for the
                  | Orb.
     0 | D:1      | Reached XP level 1. HP: 15/15 MP: 3/3
   121 | D:1      | Reached skill level 3 in Unarmed Combat
   324 | D:1      | You fall into a shaft and drop 1 floor!
   362 | D:2      | Gained mutation: You are partially covered in sharp spines.
                  | [demonic ancestry]
   362 | D:2      | Reached XP level 2. HP: 14/21 MP: 3/5
   467 | D:2      | Quit the game

Illustrated notes

Levels and vault maps discovered:
D:1:      dpeg_arrival_renting, layout_basic
D:2:      layout_loops_corners, shapermc_ecumenical_altar_mp_vishouse,
          minmay_misc_feat_chi

Skill      XL: |  1 |
---------------+----+-----
Unarmed Combat | 3 |  3.3
Dodging        | 2 |  2.0
Fighting       | |  1.0
Spellcasting   | |  2.0
Transmutations | |  1.7

Action                   || total
-------------------------++-------
Melee: Unarmed           ||    16
       Kick              ||     3
 Cast: Beastly Appendage ||     5
Armor: Robe              ||     4
Dodge: Dodged            ||    15

Table legend: (Time is in decaauts)
 A = Elapsed time spent in this place.
 B = Non-inter-level travel time spent in this place.
 C = Inter-level travel time spent in this place.
 D = Time resting spent in this place.
 E = Time spent auto-exploring this place.
 F = Levels seen in this place.
 G = Mean time per level.
                   A        B        C        D        E       F      G
               +--------+--------+--------+--------+--------+-----+--------+
         Total |    465 |    465 |      0 |      0 |    409 |   2 |  232.5 |
       Dungeon |    465 |    465 |      0 |      0 |    409 |   2 |  232.5 |
               +--------+--------+--------+--------+--------+-----+--------+

Top non-repeatable levels by time:
     D:1: 323 daAuts
     D:2: 142 daAuts
